 Dungeon Crawl Stone Soup version 0.28-a0-75-g15dc114455 (webtiles) character file.

Game seed: 372864542670227826

31 HAL9000 the Sneak (level 3, 0/18 HPs)
             Began as a Vine Stalker Brigand on Aug 2, 2021.
             Slain by a jackal (2 damage)
             ... on level 1 of the Dungeon.
             The game lasted 00:00:58 (700 turns).

HAL9000 the Sneak (Vine Stalker Brigand)             Turns: 700, Time: 00:00:59

Health: 0/18       AC:  3    Str: 14    XL:     3   Next: 22%
Magic:  0/4        EV: 11    Int: 11    God:
Gold:   31         SH:  0    Dex: 15    Spells: 2/2 levels left

rFire   . . .      SeeInvis .   a - +2 dagger
rCold   . . .      Faith    .   (no shield)
rNeg    . . .      Spirit   +   b - +0 robe
rPois   .          Reflect  .   (no helmet)
rElec   .          Harm     .   c - +0 cloak
rCorr   .          Rampage  .   (no gloves)
Will    .....                   (no boots)
Stlth   +++.......              (no amulet)
HPRegen 0.06/turn               (no ring)
MPRegen 0.09/turn               (no ring)

@: no status effects
A: fangs 2, magic shield, antimagic bite, no potion heal 2
a: no special abilities


You were on level 1 of the Dungeon.
You visited 1 branch of the dungeon, and saw 1 of its levels.

You collected 31 gold pieces.

Inventory:

Hand Weapons
 a - a +2 dagger (weapon)
Missiles
 d - 8 poisoned darts (quivered)
 e - 2 curare-tipped darts
Armour
 b - a +0 robe (worn)
 c - a +0 cloak (worn)
Scrolls
 f - a scroll of noise {unknown}
 h - a scroll of fog {unknown}
Potions
 g - a potion of curing {unknown}


   Skills:
 - Level 1.7 Fighting
 - Level 1.7 Short Blades
 + Level 3.2 Throwing
 - Level 0.7 Dodging
 - Level 4.8 Stealth


You had 2 spell levels left.
You didn't know any spells.
Your spell library contained the following spells:

 Spells                   Type           Power      Damage    Failure   Level
 Blink                    Tloc           N/A        N/A       47%         2
 Lesser Beckoning         Tloc           0%         N/A       71%         3
 Manifold Assault         Tloc           0%         N/A       100%        5


Dungeon Overview and Level Annotations

Branches:
Dungeon (1/15)

Altars:


Innate Abilities, Weirdness & Mutations

You have extremely sharp teeth.
When hurt, damage is shared between your health and your magic reserves.
Your bite disrupts and absorbs the magic of your enemies.
Potions cannot restore your health.


Message History

You are too injured to fight recklessly!
You hit the ball python.
You kill the ball python!
The jackal bites you but does no damage.
You are too injured to fight recklessly!
You hit the jackal but do no damage. You bite the jackal. You drain its power.
You feel invigorated.
The jackal is moderately wounded.
The jackal closely misses you.
The jackal bites you but does no damage.
The jackal barely misses you.
You are too injured to fight recklessly!
You closely miss the jackal.
The jackal is moderately wounded.
The jackal bites you. The jackal closely misses you. The jackal bites you.
You are too injured to fight recklessly!
You are too injured to fight recklessly!
You barely miss the jackal.
The jackal is moderately wounded.
The jackal bites you.
* * * LOW HITPOINT WARNING * * *
The jackal barely misses you.
You are too injured to fight recklessly!
The jackal bites you but does no damage. x2
The jackal barely misses you. The jackal misses you.
You are too injured to fight recklessly!
You hit the jackal.
The jackal is almost dead.
The jackal barely misses you. The jackal closely misses you.
The jackal bites you but does no damage.
The jackal barely misses you.
You miss the jackal.
The jackal is moderately wounded.
The jackal bites you but does no damage.
The jackal bites you.
* * * LOW HITPOINT WARNING * * *
The jackal bites you.
* * * LOW HITPOINT WARNING * * *
The jackal bites you.
You die...

#...##.#
###.##.#
########
#..#.#
.......#
##.#.#
.......# #.#.#
.......# #...#
.......####
##..#
.....§....#
#h.#
>....§§##.#
##@###
.....§.§§.#
#hh.#
.[......_.#
###.#.##
......§.§.#
#......#
#..####§§##
#......#
#....#
#...###......#
#.##.#
##.......####
#..#..#
##.......#
##÷# ...
#.........#


You could see 3 jackals.

Vanquished Creatures
  2 endoplasms (D:1)
  2 giant cockroaches (D:1)
  6 hobgoblins (D:1)
  4 jackals (D:1)
  3 quokkas (D:1)
  2 ball pythons (D:1)
  2 bats (D:1)
  3 frilled lizards (D:1)
  A kobold (D:1)
  A rat (D:1)
26 creatures vanquished.

Notes
Turn   | Place    | Note
-------+----------+-------------------------------------------
     0 | D:1      | HAL9000 the Vine Stalker Brigand began the quest for the
                  | Orb.
     0 | D:1      | Reached XP level 1. HP: 11/11 MP: 2/2
    97 | D:1      | Reached XP level 2. HP: 15/15 MP: 3/3
   580 | D:1      | Found a faded altar of an unknown god.
   627 | D:1      | Reached XP level 3. HP: 18/18 MP: 4/4
   700 | D:1      | Slain by a jackal

Illustrated notes

Levels and vault maps discovered:
D:1:      eino_arrival_cavern_d, layout_rooms, ebering_ecumenical_altar_mist

Skill      XL: |  1  2 |
---------------+-------+-----
Throwing       | 2 3 |  3.2
Fighting       | |  1.7
Short Blades   | |  1.7
Dodging        | |  0.7
Stealth        | |  4.8

Action                   || total
-------------------------++-------
Melee: Dagger            ||    78
       Bite              ||    13
 Stab: Sleeping          ||     7
Armor: Robe              ||    27
Dodge: Dodged            ||    49

Table legend: (Time is in decaauts)
 A = Elapsed time spent in this place.
 B = Non-inter-level travel time spent in this place.
 C = Inter-level travel time spent in this place.
 D = Time resting spent in this place.
 E = Time spent auto-exploring this place.
 F = Levels seen in this place.
 G = Mean time per level.
                   A        B        C        D        E       F      G
               +--------+--------+--------+--------+--------+-----+--------+
         Total |    694 |    694 |      0 |    271 |    260 |   1 |  694.0 |
       Dungeon |    694 |    694 |      0 |    271 |    260 |   1 |  694.0 |
               +--------+--------+--------+--------+--------+-----+--------+

Top non-repeatable levels by time:
     D:1: 694 daAuts
